 Dungeon Crawl Stone Soup version 0.28-a0-1524-ge72afd5fc6 (webtiles) character file.

Game seed: 3759846357994821341

67 bastard the Vexing (level 4, 0/21 HPs)
             Began as a Spriggan Enchanter on Jan 18, 2022.
             Hit by a stone thrown by a gnoll (5 damage)
             ... on level 3 of the Dungeon.
             The game lasted 00:02:06 (2437 turns).

bastard the Vexing (Spriggan Enchanter)             Turns: 2437, Time: 00:02:07

Health: 0/21       AC:  2    Str:  4    XL:     4   Next: 0%
Magic:  9/9        EV: 17    Int: 16    God:
Gold:   62         SH:  0    Dex: 17    Spells: 6/8 levels left

rFire   . . .      SeeInvis +   a - +1 dagger
rCold   . . .      Faith    .   (no shield)
rNeg    . . .      Spirit   .   b - +0 robe
rPois   .          Reflect  .   (helmet restricted)
rElec   .          Harm     .   (no cloak)
rCorr   .          Rampage  .   (gloves unavailable)
Will    .....                   (boots unavailable)
Stlth   +++.......              (no amulet)
HPRegen 0.07/turn               (no ring)
MPRegen 0.11/turn               (no ring)

@: very quick
A: very small, no large weapons, unfitting armour, see invisible, speed 3
a: no special abilities


You were on level 3 of the Dungeon.
You visited 1 branch of the dungeon, and saw 3 of its levels.

You collected 62 gold pieces.

Inventory:

Hand Weapons
 a - a +1 dagger (weapon)
Missiles
 f - a throwing net (quivered)
Armour
 b - a +0 robe (worn)
Scrolls
 g - a scroll of torment {unknown}
 h - 2 scrolls of immolation {unknown}
 i - a scroll of teleportation {unknown}
 l - a scroll of brand weapon {unknown}
Potions
 c - 4 potions of invisibility
 d - a potion of ambrosia {unknown}
 e - a potion of mutation {unknown}
 j - a potion of curing
 k - a potion of lignification {unknown}


   Skills:
 - Level 1.1 Short Blades
 - Level 2.6 Dodging
 - Level 4.4 Stealth
 - Level 2.6 Spellcasting
 + Level 5.9 Hexes


You had 6 spell levels left.
You knew the following spells:

 Your Spells              Type           Power      Damage    Failure   Level
a - Ensorcelled Hibernat  Hex/Ice        22%        N/A       9%          2

Your spell library contained the following spells:

 Spells                   Type           Power      Damage    Failure   Level
 Confusing Touch          Hex            21%        N/A       4%          3
 Tukima's Dance           Hex            21%        N/A       4%          3
 Dazzling Flash           Conj/Hex       22%        N/A       17%         3
 Fireball                 Conj/Fire      1%         3d3       99%         5
 Iskenderun's Battlesphe  Conj           2%         2d6       99%         5
 Conjure Ball Lightning   Conj/Air       1%         3x3d6     100%        6
 Orb of Destruction       Conj           1%         9d5       100%        7


Dungeon Overview and Level Annotations

Branches:
Dungeon (3/15)

Altars:
Ashenzari
Kikubaaqudgha
Vehumet
The Shining One


Innate Abilities, Weirdness & Mutations

You are very small and have problems with some larger weapons.
You are too small for most types of armour.
You have supernaturally acute eyesight. (SInv)
You cover ground extremely quickly. (Speed+++)


Message History

The bat is moderately wounded.
The bat hits you. The bat barely misses you.
You miss the bat.
The bat is moderately wounded.
The bat closely misses you. The bat misses you.
You hit the bat.
You kill the bat!
The bat completely misses you.
You barely miss the bat. The bat closely misses you.
The bat completely misses you.
You hit the bat.
The bat is severely wounded.
The bat hits you but does no damage.
You barely miss the bat.
The bat is severely wounded.
The bat closely misses you.
You hit the bat.
You kill the bat!
The bat misses you.
You hit the bat.
The bat is severely wounded.
The bat misses you. x2
A bat comes into view.
You hit the bat.
You kill the bat!
The bat hits you but does no damage. The bat hits you.
You have reached level 4!
You hit the bat but do no damage. The bat hits you but does no damage.
You hit the bat.
The bat is heavily wounded.
The bat misses you. x2
You hit the bat but do no damage.
The bat is heavily wounded.
The bat hits you.
* * * LOW HITPOINT WARNING * * *
The bat misses you.
You hit the bat.
You kill the bat!
The bat barely misses you.
The gnoll throws a stone.
The stone hits you.
You die...

#.# # #.# .## #
#.###...###.
#.#####†...g...##.#
.........# #.#
.....##.## #.#
#.....gbg# #.#
.....##†## #.#
#..#.##@#### ###.######
...........####.........
...#.##.###.##.##.######
......................
#.##.##........##.######
# # #####.##.##.######
#.##.##.......
#.##.##.###### #.##.##.#


You could see 2 gnolls and a bat.

Vanquished Creatures
  A gnoll (D:3)
  A worm (D:2)
  A dart slug (D:2)
  14 bats
  3 endoplasms
  A giant cockroach (D:3)
  8 hobgoblins
  3 jackals (D:2)
  3 kobolds (D:2)
  3 quokkas
  2 ball pythons
  3 frilled lizards (D:1)
  3 goblins
  5 rats
51 creatures vanquished.

Notes
Turn   | Place    | Note
-------+----------+-------------------------------------------
     0 | D:1      | bastard the Spriggan Enchanter began the quest for the Orb.
     0 | D:1      | Reached XP level 1. HP: 9/9 MP: 5/5
    98 | D:1      | Reached skill level 4 in Hexes
   256 | D:1      | Reached XP level 2. HP: 12/13 MP: 6/6
   259 | D:1      | Learned a level 2 spell: Ensorcelled Hibernation
  1009 | D:2      | Reached skill level 5 in Hexes
  1103 | D:2      | Reached XP level 3. HP: 10/16 MP: 8/8
  1256 | D:2      | Found a glowing golden altar of the Shining One.
  1703 | D:2      | Found a faded altar of an unknown god.
  1844 | D:3      | Found a radiant altar of Vehumet.
  2098 | D:3      | Found an ancient bone altar of Kikubaaqudgha.
  2098 | D:3      | Found a broken altar of Ashenzari.
  2434 | D:3      | Reached XP level 4. HP: 6/21 MP: 9/9
  2437 | D:3      | Hit by a stone thrown by a gnoll

Illustrated notes

Levels and vault maps discovered:
D:1:      minmay_arrival_radiant_lines, layout_loops_ring, chequers_mini_garden,
          minmay_pentomino_w2
D:2:      layout_rooms, basic_altar, chequers_ecumenical_altar_island
D:3:      minmay_goblin_kobold_castle, layout_basic,
          nicolae_overflow_ecumenical_swirl,
          chequers_temple_overflow_statue_of_worship, amcnicky_altar_gilded,
          serial_shops, shop_fountains, roderic_batcave

Skill      XL: |  1  2 |
---------------+-------+-----
Hexes          | 4 5 |  5.9
Short Blades   | |  1.1
Dodging        | |  2.6
Stealth        | |  4.4
Spellcasting   | |  2.6

Action                   |  1- 3 |  4- 6 || total
-------------------------+-------+-------++-------
Melee: Dagger            |   183 |     4 ||   187
 Cast: Ensorcelled Hiber |    10 |       ||    10
 Stab: Sleeping          |    18 |       ||    18
Armor: Robe              |    29 |     1 ||    30
Dodge: Dodged            |   163 |     4 ||   167

Table legend: (Time is in decaauts)
 A = Elapsed time spent in this place.
 B = Non-inter-level travel time spent in this place.
 C = Inter-level travel time spent in this place.
 D = Time resting spent in this place.
 E = Time spent auto-exploring this place.
 F = Levels seen in this place.
 G = Mean time per level.
                   A        B        C        D        E       F      G
               +--------+--------+--------+--------+--------+-----+--------+
         Total |   1979 |   1926 |     53 |      0 |   1564 |   3 |  659.7 |
       Dungeon |   1979 |   1926 |     53 |      0 |   1564 |   3 |  659.7 |
               +--------+--------+--------+--------+--------+-----+--------+

Top non-repeatable levels by time:
     D:2: 1047 daAuts
     D:1: 602 daAuts
     D:3: 329 daAuts
